 Dungeon Crawl Stone Soup version 0.19-a0-1672-g679cadd (webtiles) character file.

688 aronpayne the Skirmisher (level 7, -1/85 HPs)
             Began as a Human Fighter on Sept 22, 2016.
             Was a Follower of Okawaru.
             Slain by an adder (2 damage)
             ... on level 5 of the Dungeon.
             The game lasted 00:14:16 (3749 turns).

aronpayne the Skirmisher (Human Fighter)            Turns: 3749, Time: 00:14:17

Health: -1/85      AC: 23    Str: 18    XL:     7   Next: 94%
Magic:  16/16      EV:  2    Int:  9    God:    Okawaru [*.....]
Gold:   153        SH:  9    Dex: 12    Spells: 0 memorised, 6 levels left

rFire  + . .     SeeInvis .     a - +0 long sword
rCold  . . .     Gourm    .     (armour currently unavailable)
rNeg   + + +     Faith    .     c - +0 shield
rPois  +         Spirit   .     (helmet currently unavailable)
rElec  .         Dismiss  .     (cloak currently unavailable)
rCorr  .         Reflect  .     (gloves currently unavailable)
MR     .....     Harm     .     (boots currently unavailable)
Stlth  +......... NoTele   +    (no amulet)
                                y - ring of magical power
                                w - ring of protection from fire

@: tree-form (expiring)
A: no striking features
a: Heroism, Renounce Religion


You were on level 5 of the Dungeon.
You worshipped Okawaru.
Okawaru was aware of your devotion.
You were very full.
You were a tree.
You visited 1 branch of the dungeon, and saw 5 of its levels.

You collected 153 gold pieces.

Inventory:

Hand Weapons
 a - a +0 long sword (weapon)
Armour
 c - a +0 shield (worn)
 i - a +1 scale mail of poison resistance (melded)
 v - a +0 helmet (melded)
Jewellery
 w - a ring of protection from fire (left branch)
 y - a ring of magical power (right branch)
Scrolls
 b - 3 scrolls of identify
 e - 2 scrolls of enchant weapon {unknown}
 h - 2 scrolls of recharging {unknown}
 j - 5 scrolls of remove curse {unknown}
 t - a scroll of teleportation {unknown}
 x - a scroll of fog {unknown}
Potions
 d - a potion of cancellation {unknown}
 g - a potion of beneficial mutation {unknown}
 l - a potion of invisibility {unknown}
 n - a potion of lignification
 o - a potion of degeneration {unknown}
 p - a potion of curing {unknown}
 q - a potion of agility {unknown}
 s - 2 potions of mutation {unknown}
Books
 r - Vehumet's Disquisition on Conjuration
   (You found it on level 2 of the Dungeon)

   Spells                             Type                      Level
   a - Magic Dart                     Conjuration                  1
Comestibles
 k - 4 meat rations
 m - 2 slices of pizza


   Skills:
 * Level 5.9 Fighting
 + Level 3.5 Long Blades
 + Level 4.1 Armour
 + Level 2.9 Dodging
 + Level 4.4 Shields


You had 6 spell levels left.
You didn't know any spells.

Dungeon Overview and Level Annotations

Branches:
Dungeon (5/15)
 Temple: D:4-7

Altars:
Cheibriados
Dithmenos
Kikubaaqudgha
Nemelex Xobeh
Okawaru
Ru
Sif Muna
Vehumet


Message History

You kill the orc wizard!
Okawaru accepts your kill. The orc hits you but does no damage. x2
The centaur hits you but does no damage.
The adder bites you but does no damage.
You hit the centaur.
The centaur is moderately wounded.
Your transformation is almost over.
You block the centaur's attack. You block the adder's attack.
The orc hits you but does no damage. x2
The centaur hits you but does no damage.
You block the adder's attack.
You barely miss the centaur.
The centaur is moderately wounded.
The centaur hits you but does no damage.
You block the orc's attack. The orc hits you with a morningstar.
* * * LOW HITPOINT WARNING * * *
The adder bites you but does no damage. The centaur barely misses you.
The adder bites you.
You die...

#..## #...# #...###
#.....###
#..(....######..
#..(..(........
#..........## .
#........S..#### ...
#......o♣c...... #....
#......o)_......
#....###...............
#........#####.........
........# ####......
##......### ......
####........# ......
..##........####.
......
#.##.............#


You could see a centaur, an adder and 2 orcs.

Vanquished Creatures
  Menkaure (D:5)
  An ice beast (D:4)
  A scorpion (D:4)
  An orc priest (D:5)
  2 orc wizards (D:5)
  An iguana (D:4)
  2 worker ants (D:4)
  4 gnolls (D:2)
  2 howler monkey skeletons
  10 adders
  A worm (D:2)
  A dart slug (D:1)
  3 leopard geckos
  3 orcs
  4 ball pythons
  8 giant cockroaches
  12 goblins
  7 hobgoblins
  9 jackals
  3 quokkas
  11 bats
  6 frilled lizards
  8 kobolds
  9 rats
110 creatures vanquished.

Notes
Turn   | Place    | Note
-------+----------+-------------------------------------------
     0 | D:1      | aronpayne the Human Fighter began the quest for the Orb.
     0 | D:1      | Reached XP level 1. HP: 18/18 MP: 1/1
    80 | D:1      | Reached XP level 2. HP: 24/24 MP: 2/2
   291 | D:1      | Reached XP level 3. HP: 24/29 MP: 3/3
   693 | D:2      | Reached skill level 1 in Dodging
   750 | D:2      | Found a snail-covered altar of Cheibriados.
   772 | D:2      | You fall through a shaft for 2 floors!
   772 | D:4      | Noticed an ice beast
   899 | D:3      | Found an iron altar of Okawaru.
   903 | D:3      | Became a worshipper of Warmaster Okawaru
  1070 | D:2      | Reached XP level 4. HP: 25/37 MP: 4/4
  1259 | D:2      | Found an ancient bone altar of Kikubaaqudgha.
  1264 | D:2      | Found a radiant altar of Vehumet.
  1267 | D:2      | Found a deep blue altar of Sif Muna.
  1274 | D:2      | Identified Vehumet's Disquisition on Conjuration
  1322 | D:2      | Reached skill level 4 in Fighting
  1572 | D:2      | Reached XP level 5. HP: 26/42 MP: 5/5
  2240 | D:3      | Found a sacrificial altar of Ru.
  2240 | D:3      | Found a shadowy altar of Dithmenos.
  2491 | D:3      | Reached XP level 6. HP: 47/49 MP: 6/6
  2787 | D:4      | Reached skill level 5 in Fighting
  2886 | D:4      | Killed an ice beast
  2886 | D:4      | Reached * piety under Okawaru
  2886 | D:4      | Reached XP level 7. HP: 47/56 MP: 7/7
  3495 | D:5      | Entered Level 5 of the Dungeon
  3501 | D:5      | Noticed Menkaure
  3526 | D:5      | Killed Menkaure
  3707 | D:5      | Found a sparkling altar of Nemelex Xobeh.
  3749 | D:5      | HP: 1/85 [orc/morningstar (6)]
  3749 | D:5      | Slain by an adder

Vault maps used:
D:1:      matt_arrival_grand_opening, minmay_pentomino_o4
D:2:      grunt_temple_overflow_magic_moments, lemuel_coloured_pillars_altar,
          minivault_19
D:3:      marbit_many_paths, gammafunk_temple_overflow_wave,
          minmay_misc_feat_hallway, minmay_fountain_box
D:5:      kennysheep_ying_yang, kennysheep_little_box, first_bread, basic_altar,
          kennysheep_path_1, uniq_prince_ribbit1, uniq_menkaure

Skill      XL: |  1  2  3  4  5  6  7 |
---------------+----------------------+-----
Dodging        | 1 2 |  2.9
Fighting       | 4 5 |  5.9
Shields        | 4 |  4.4
Long Blades    | 3 |  3.5
Armour         | 4 |  4.1

Action                   |  1- 3 |  4- 6 |  7- 9 || total
-------------------------+-------+-------+-------++-------
Melee: Long sword        |   141 |   232 |   103 ||   476
  Use: Potion            |       |     2 |     2 ||     4
       Scroll            |       |     1 |       ||     1
  Eat: Chunk             |     1 |     6 |     2 ||     9
       Bread ration      |       |       |     2 ||     2
Armor: Scale mail        |    68 |    89 |    21 ||   178
       Skin              |       |       |   132 ||   132
Dodge: Dodged            |    36 |    72 |    30 ||   138
Block: Shield            |    71 |   132 |    88 ||   291
